 Dungeon Crawl Stone Soup version 0.27-a0-96-gb51a1d6fd6 (webtiles) character file.

Game seed: 15325835744427042269

84 kae the Ruffian (level 4, -4/40 (44) HPs)
             Began as a Troll Fighter on Jan 19, 2021.
             Slain by a wight
             ... wielding a +1 dire flail of freezing
              (17 damage)
             ... on level 3 of the Dungeon.
             The game lasted 00:00:52 (1481 turns).

kae the Ruffian (Troll Fighter)                     Turns: 1481, Time: 00:00:53

HP:   -4/40 (44)    AC:  6    Str: 25    XL:     4   Next: 24%
MP:   4/4           EV: 10    Int:  4    God:
Gold: 113           SH:  0    Dex:  9    Spells: 4/4 levels left

rFire    . . .     SeeInvis .     - Unarmed
rCold    . . .     Faith    .   (no shield)
rNeg     . . .     Spirit   .   a - +0 robe
rPois    .         Reflect  .   (helmet restricted)
rElec    .         Harm     .   (no cloak)
rCorr    .         Rampage  .   (gloves unavailable)
Will     .....                  (boots unavailable)
Stlth    +.........             (no amulet)
HPRegen  0.53/turn              (no ring)
MPRegen  0.09/turn              (no ring)

@: drained
A: large, unfitting armour, claws 3, regeneration 1, shaggy fur 1, tough skin 3
a: no special abilities


You were on level 3 of the Dungeon.
You visited 1 branch of the dungeon, and saw 3 of its levels.

You collected 113 gold pieces.

Inventory:

Armour
 a - a +0 robe (worn)
 b - a +0 kite shield
Scrolls
 d - 5 scrolls of identify {unknown}
 e - 5 scrolls of teleportation {unknown}
 f - 2 scrolls of remove curse {unknown}
 j - a scroll of enchant armour {unknown}
 m - a scroll of magic mapping {unknown}
Potions
 c - a potion of might
 g - a potion of haste {unknown}
 h - a potion of cancellation {unknown}
 i - 5 potions of attraction {unknown}
 k - a potion of curing {unknown}
 l - a potion of invisibility {unknown}


   Skills:
 + Level 2.8 Fighting
 + Level 0.8 Armour
 + Level 2.7 Dodging
 - Level 2.4 Shields
 * Level 3.1 Unarmed Combat
 + Level 0.7 Spellcasting


You had 4 spell levels left.
You didn't know any spells.
Your spell library was empty.

Dungeon Overview and Level Annotations

Branches:
Dungeon (3/15)

Altars:
Beogh


Innate Abilities, Weirdness & Mutations

You are too large for most types of armour.
You have claws for hands.
Your natural rate of healing is unusually fast.
You are covered in fur. (AC +1)
You have extremely tough skin. (AC +3)


Message History

You kill the leopard gecko!
The frilled lizard barely misses you.
You closely miss the wight.
The frilled lizard bites you but does no damage.
The wight hits you with a +1 dire flail of freezing!
You feel drained. The wight freezes you.
You are too injured to fight recklessly!
You are too injured to fight recklessly!
You are too injured to fight recklessly!
You are too injured to fight recklessly!
You are too injured to fight recklessly!
You are too injured to fight recklessly!
You closely miss the wight.
The wight hits you with a +1 dire flail of freezing!
You feel drained. The wight freezes you.
* * * LOW HITPOINT WARNING * * *
You claw the wight!
The wight is heavily damaged.
The wight hits you with a +1 dire flail of freezing!
You die...

....... .......
....... .....$. #
.......## #
........# #####
........########
#....
......†.lz@...>#
#.#..
#######..#####.#
###.#.# ##.# #.#
#<..#.. #.( #
#.############
##..#.#.............
..#.#.###......###
..#.........[....#
..#...###.†....#.#
#...<...†#####.#


You could see a wight and a frilled lizard.

Vanquished Creatures
  An adder (D:2)
  An ooze (D:2)
  2 worms (D:2)
  3 leopard geckos
  A ball python (D:1)
  8 bats
  A giant cockroach (D:2)
  5 goblins
  9 hobgoblins
  7 jackals
  5 kobolds
  5 frilled lizards
  11 rats
59 creatures vanquished.

Notes
Turn   | Place    | Note
-------+----------+-------------------------------------------
     0 | D:1      | kae the Troll Fighter began the quest for the Orb.
     0 | D:1      | Reached XP level 1. HP: 22/22 MP: 0/0
   147 | D:1      | Found a roughly hewn altar of Beogh.
   147 | D:1      | Noticed an orc wizard
   147 | D:1      | Noticed an orc wizard
   147 | D:1      | Noticed an orc warrior
   150 | D:1      | Reached XP level 2. HP: 29/29 MP: 1/1
   820 | D:2      | Reached XP level 3. HP: 36/36 MP: 2/2
  1020 | D:2      | Reached skill level 3 in Unarmed Combat
  1024 | D:2      | Reached XP level 4. HP: 44/44 MP: 2/4
  1481 | D:3      | Slain by a wight

Illustrated notes

Levels and vault maps discovered:
D:1:      erik_arrival_cave_to_civilisation [erik_arrival_cave_to_temple],
          layout_basic
D:2:      layout_basic
D:3:      layout_basic, uniq_sigmund, uniq_grinder, uniq_jessica

Skill      XL: |  1  2  3 |
---------------+----------+-----
Unarmed Combat | 3 |  3.1
Fighting       | |  2.8
Armour         | |  0.8
Dodging        | |  2.7
Shields        | |  2.4
Spellcasting   | |  0.7

Action                   |  1- 3 |  4- 6 || total
-------------------------+-------+-------++-------
Melee: Unarmed           |   120 |    26 ||   146
Armor: Robe              |    55 |    19 ||    74
Dodge: Dodged            |    64 |    22 ||    86
Block: Kite shield       |     2 |       ||     2

Table legend: (Time is in decaauts)
 A = Elapsed time spent in this place.
 B = Non-inter-level travel time spent in this place.
 C = Inter-level travel time spent in this place.
 D = Time resting spent in this place.
 E = Time spent auto-exploring this place.
 F = Levels seen in this place.
 G = Mean time per level.
                   A        B        C        D        E       F      G
               +--------+--------+--------+--------+--------+-----+--------+
         Total |   1473 |   1403 |     70 |      0 |   1098 |   3 |  491.0 |
       Dungeon |   1473 |   1403 |     70 |      0 |   1098 |   3 |  491.0 |
               +--------+--------+--------+--------+--------+-----+--------+

Top non-repeatable levels by time:
     D:1: 689 daAuts
     D:2: 657 daAuts
     D:3: 126 daAuts
